Unix NetHack Version 5.0.0-0 post-release - last build Jul 19 2026 19:10:59 (3aa4ab31751d3886436d94b585a96704892fd477,branch:main).

Game began 2026-07-26 18:36:16, ended 2026-07-27 03:33:00.

Anwyn, neutral male human Tourist

                 -------------
                 |...........|              -------
                 |...........|             #......|
                 |...........|             #|.....|
                #-...........|            %#|......#
                #------.------            # ----|--##
               ##      #                  #    ##   ##
 ------------- #       ##                 #    #     ##
 |............#         #######           #  ###      #    -----------
 |...........|                #           #  #        #####|.........|
 |......%....+                ###         #  #            #..........|
 |>..........|               ######       # ##             |.........|
 |..--.------|         --------.--|----   #-|---           -----------
 |...........|         |..............|####|..<|
 |..|........|         |..............|####|...|
 |..|---.f...|         |..............-#   |...|
 |..|$=-B@...|         |..............|    |...|
 -------------         ----------------    -----

Anwyn the Excursionist      St:10 Dx:11 Co:18 In:13 Wi:8 Ch:12  Neutral
Dlvl:7  $:92 HP:0(76) Pw:23(23) AC:6  Xp:7 T:4894 

Latest messages:
 This jackal corpse is stringy.
 You finish eating the jackal corpse.
 You see here a yellowish brown gem.
 G - a yellowish brown gem.
 In what direction? h
 The dart hits the wood nymph.
 In what direction? h
 The dart hits the wood nymph!
 You hit the wood nymph.
 The wood nymph stole an uncursed key.
 The wood nymph vanishes!
 a - a +2 dart (at the ready) (2 in total).
 You hit the soldier ant.
 The soldier ant bites!
 The soldier ant stings!
 You hit the soldier ant.
 The soldier ant bites!
 The soldier ant stings!
 The soldier ant's sting was poisoned!
 You feel weaker!
 The soldier ant bites!
 The soldier ant stings!
 You miss the soldier ant.
 The large cat misses the soldier ant.
 The soldier ant bites!
 The soldier ant stings!
 The large cat bites the soldier ant.
 You kill the soldier ant!
 You see here a soldier ant corpse.
 It bites the acid blob.
 The acid blob is killed!
 The door opens.
 In what direction? h
 The dart hits the vampire bat.
 The large cat bites the vampire bat.
 The vampire bat bites!
 The vampire bat bites again!
 You hit the vampire bat.
 The large cat misses the vampire bat.
 The vampire bat bites!
 The vampire bat bites again!
 The vampire bat bites!
 The vampire bat bites again!
 The vampire bat's bite was poisoned!
 The poison was deadly...
 Do you want your possessions identified? [ynq] (y) y
 Do you want to see your attributes? [ynq] (y) y
 Do you want an account of creatures vanquished? [ynaq] (y) y
 Do you want to see your conduct and achievements? [ynq] (y) y
 Do you want to see the dungeon overview? [ynq] (y) y

Inventory:
 Coins    ('$')
  $ - 92 gold pieces
 Amulets  ('"')
  z - an uncursed amulet of unchanging (being worn)
 Weapons  (')')
  a - a +2 dart (at the ready)
  B - a +2 orcish dagger
  Y - a blessed +1 long sword (weapon in right hand)
 Armor    ('[')
  Z - an uncursed +0 orcish helm (being worn)
  j - an uncursed +0 Hawaiian shirt with a tropical fish motif (being worn)
  q - an uncursed +0 studded leather armor (being worn)
 Comestibles  ('%')
  v - 2 uncursed food rations
 Scrolls  ('?')
  F - an uncursed scroll of enchant weapon
 Potions  ('!')
  E - an uncursed potion of monster detection
  D - an uncursed potion of oil
 Wands    ('/')
  b - a blessed wand of cold (0:6)
  L - a wand of digging (0:4)
  r - a wand of striking (0:3)
 Tools    ('(')
  u - an expensive camera (0:93)
  t - an uncursed towel named nc
 Gems/Stones  ('*')
  G - an uncursed worthless piece of yellowish brown glass

Anwyn the Tourist's attributes:

Background:
 You were an Excursionist, a level 7 male human Tourist.
 You were neutral, on a mission for The Lady
 who was opposed by Blind Io (lawful) and Offler (chaotic).
 You were right-handed.
 You were in the Dungeons of Doom, on level 7.
 You entered the dungeon 4894 turns ago.
 It was nighttime.
 You had 907 experience points, 373 more were needed to attain level 8.

Basics:
 You had 0 out of 76 hit points.
 You had all 23 energy points (spell power).
 Your armor class was 6.
 Your wallet contained 92 zorkmids.
 Autopickup was on for '$"!/?=' plus thrown.

Final Characteristics:
 Your strength was 10 (peak:13, limit:18/100).
 Your dexterity was 11 (peak:14, limit:18).
 Your constitution was 18 (limit:18).
 Your intelligence was 13 (limit:18).
 Your wisdom was 8 (limit:18).
 Your charisma was 12 (limit:18).

Final Status:
 You weren't hungry.
 You were unencumbered.
 You were wielding a long sword.
 You had basic skill with long sword.

Final Attributes:
 You were piously aligned.
 You were telepathic.
 You were warded.
 You couldn't change from your current form.
 You are dead.

Miscellaneous:
 You didn't encounter any bones levels.
 Total elapsed playing time was 2 hours, 23 minutes and 15 seconds.

Major events:
 Turn
    1: Anwyn the neutral male human Tourist entered the dungeon
  406: entered the Gnomish Mines
  445: attained the rank of Sightseer (level 3)
 2899: attained the rank of Excursionist (level 6)
 4894: poisoned by a vampire bat

You didn't know any spells.

Skills:
 Fighting Skills
   bare handed combat [Unskilled]
   two weapon combat  [Unskilled]
   riding             [Unskilled]
 Weapon Skills
   dagger             [Unskilled]
   knife              [Unskilled]
   axe                [Unskilled]
   pick-axe           [Unskilled]
   short sword        [Unskilled]
   broadsword         [Unskilled]
   long sword         [Basic]
   two-handed sword   [Unskilled]
   saber              [Unskilled]
   mace               [Unskilled]
   morning star       [Unskilled]
   flail              [Unskilled]
   hammer             [Unskilled]
   quarterstaff       [Unskilled]
   polearms           [Unskilled]
   spear              [Unskilled]
   trident            [Unskilled]
   lance              [Unskilled]
   bow                [Unskilled]
   sling              [Unskilled]
   crossbow           [Unskilled]
   dart               [Basic]
   shuriken           [Unskilled]
   boomerang          [Unskilled]
   whip               [Unskilled]
   unicorn horn       [Unskilled]
 Spellcasting Skills
   divination spells  [Unskilled]
   enchantment spells [Unskilled]
   escape spells      [Unskilled]

Voluntary challenges:
 Character rerolling was not enabled.
 You never genocided any monsters.
 You never polymorphed an object.
 You never changed form.
 You used no wishes.
Achievements:
 You entered the Gnomish Mines.
 You attained the rank of Sightseer.
 You entered a shop.
 You attained the rank of Excursionist.

 The Dungeons of Doom: levels 1 to 7
    Level 1: "vault"
       An altar, a fountain.
    Level 2: "vault"
       Stairs down to The Gnomish Mines.
    Level 3: "vault"
       A fountain.
    Level 4:
    Level 5: "vault, shop"
       A general store, a fountain.
    Level 6: "*STASH*"
       An armor shop.
    Level 7: <- You were here.
       A fountain.
       Final resting place for
          you, poisoned by a vampire bat.
 The Gnomish Mines:
    Level 3:


Vanquished creatures:
  5 small mimics
  a giant beetle
  a chickatrice
  a soldier ant
  a quasit
 an orc shaman
  a rock piercer
  a rock mole
  a gnome leader
  3 gray oozes
  2 giant ants
  5 floating eyes
  a kitten
  3 homunculi
  a kobold leader
  a kobold shaman
  6 hill orcs
  5 rothes
  a rabid rat
  8 orc zombies
  4 dwarf zombies
  3 wererats
  2 acid blobs
  3 hobgoblins
  4 giant rats
  5 cave spiders
  a yellow mold
  2 gnomes
  3 garter snakes
  4 gnome zombies
  2 geckos
  6 jackals
  a fox
  a kobold
  2 goblins
  6 sewer rats
  5 grid bugs
  a bat
  6 lichens
  4 kobold zombies
  5 newts
119 creatures vanquished.

No species were genocided or became extinct.

Game over:
                       ----------
                      /          \
                     /    REST    \
                    /      IN      \
                   /     PEACE      \
                  /                  \
                  |      Anwyn       |
                  |      92 Au       |
                  |  poisoned by a   |
                  |   vampire bat    |
                  |                  |
                  |                  |
                  |       2026       |
                 *|     *  *  *      | *
        _________)/\\_//(\/(/\)/\//\/|_)_______

Aloha Anwyn the Tourist...

You were poisoned in The Dungeons of Doom on dungeon level 7 with 3948 points,
and 92 pieces of gold, after 4894 moves.
You were level 7 with a maximum of 76 hit points when you were poisoned.

